 Dungeon Crawl Stone Soup version 0.27-a0-652-g2d5cf1dcd3 (webtiles) character file.

Game seed: 17197909734450553583

25 Gaff the Skirmisher (level 3, -7/37 HPs)
             Began as an Ogre Warper on Mar 16, 2021.
             Mangled by Sigmund
             ... wielding a +0 scythe
              (12 damage)
             ... on level 1 of the Dungeon.
             The game lasted 00:02:42 (2153 turns).

Gaff the Skirmisher (Ogre Warper)                   Turns: 2153, Time: 00:02:43

Health: -7/37      AC:  4    Str: 16    XL:     3   Next: 6%
Magic:  6/6        EV: 10    Int: 14    God:
Gold:   60         SH:  0    Dex:  8    Spells: 6/6 levels left

rFire    . . .     SeeInvis .   a - +0 mace
rCold    . . .     Faith    .   (no shield)
rNeg     . . .     Spirit   .   b - +0 robe
rPois    .         Reflect  .   (helmet restricted)
rElec    .         Harm     .   f - +0 cloak
rCorr    .         Rampage  .   (gloves unavailable)
Will     .....                  (boots unavailable)
Stlth    +.........             (no amulet)
HPRegen  0.12/turn              (no ring)
MPRegen  0.10/turn              (no ring)

@: no status effects
A: large, unfitting armour, tough skin 1
a: no special abilities


You were on level 1 of the Dungeon.
You visited 1 branch of the dungeon, and saw 3 of its levels.

You collected 60 gold pieces.

Inventory:

Hand Weapons
 a - a +0 mace (weapon)
Missiles
 e - 5 boomerangs of dispersal (quivered)
Armour
 b - a +0 robe (worn)
 f - a +0 cloak (worn)
Scrolls
 c - 2 scrolls of identify {unknown}
 i - a scroll of amnesia {unknown}
 l - a scroll of fog {unknown}
Potions
 g - a potion of heal wounds {unknown}
 h - a potion of curing {unknown}
 j - a potion of might {unknown}
 k - a potion of attraction {unknown}


   Skills:
 + Level 3.4 Fighting
 + Level 2.2 Maces & Flails
 - Level 1.0 Throwing
 + Level 2.5 Dodging
 - Level 2.4 Spellcasting
 - Level 2.6 Translocations


You had 6 spell levels left.
You didn't know any spells.
Your spell library contained the following spells:

 Spells                   Type           Power      Damage    Failure   Level
 Blink                    Tloc           N/A        N/A       12%         2
 Gell's Gravitas          Tloc           4%         N/A       22%         3
 Lesser Beckoning         Tloc           4%         N/A       22%         3
 Teleport Other           Tloc           9%         N/A       22%         3
 Manifold Assault         Tloc           9%         N/A       58%         4


Dungeon Overview and Level Annotations

Branches:
Dungeon (3/15)

Altars:

Annotations:
D:1 Sigmund


Innate Abilities, Weirdness & Mutations

You are too large for most types of armour.
You have tough skin. (AC +1)


Message History

You start waiting.
Done waiting.
There is a stone staircase leading down here.
There is a stone staircase leading down here.
You climb downwards.
Level annotation: Sigmund The giant cockroach waves its antennae.
Sigmund hits you from afar with a +0 scythe!
There is a stone staircase leading up, spattered with blood here.
Sigmund closely misses you.
You climb upwards.
There is a stone staircase leading down here.
You start resting.
HP restored.
You climb downwards.
Level annotation: Sigmund Sigmund misses you. x2
There is a stone staircase leading up, spattered with blood here.
You sock Sigmund!
Sigmund is moderately wounded.
Sigmund misses you.
You hit Sigmund but do no damage.
Sigmund is moderately wounded.
Sigmund closely misses you. Sigmund hits you with a +0 scythe!
You closely miss Sigmund.
Sigmund is moderately wounded.
Sigmund hits you with a +0 scythe!
* * * LOW HITPOINT WARNING * * *
Sigmund barely misses you.
You climb upwards.
There is a stone staircase leading down here.
You barely miss Sigmund.
Sigmund is moderately wounded.
Sigmund gestures at himself while chanting.
Sigmund flickers and vanishes!
Deactivating autopickup; reactivate with Ctrl-A.
You barely miss something. Something hits you.
* * * LOW HITPOINT WARNING * * *
Something hits you!
You die...

##.### ##..##.# #.# #...##
#####.## #.#
###....########..# #.#
..............##'#### #.#
#..........##.......# #.#
#.########'##.......# #.###
#.#.................# #...#
#.#.##.#.........♣.♣#♣#♣#♣.♣.#
#.P.#..#.......[@............#
.....#.#........>♣.♣#♣#♣#♣.♣##
..PPP..#........{...# #.#
..♣..P##............# #.#
..♣♣..P........#.#### #.#
..♣♣...P.......#.# ######.#
..♣♣♣PP^P......#.# #......#
..PP.♣♣♣.P.......# #.######
.#..P♣♣....####### #.#


There were no monsters in sight!

Vanquished Creatures
  2 dart slugs (D:1)
  2 orcs
  3 hobgoblins
  A quokka (D:1)
  2 bats (D:2)
  2 frilled lizards (D:1)
  3 goblins (D:1)
  A kobold (D:1)
  4 rats (D:1)
20 creatures vanquished.

Notes
Turn   | Place    | Note
-------+----------+-------------------------------------------
     0 | D:1      | Gaff the Ogre Warper began the quest for the Orb.
     0 | D:1      | Reached XP level 1. HP: 22/22 MP: 3/3
   255 | D:1      | Reached skill level 3 in Fighting
   499 | D:1      | Reached XP level 2. HP: 24/31 MP: 5/5
  1249 | D:2      | Noticed Sigmund
  1312 | D:1      | Reached XP level 3. HP: 21/37 MP: 6/6
  2153 | D:1      | Mangled by Sigmund

Illustrated notes

Levels and vault maps discovered:
D:1:      dpeg_arrival_arbitrary_a, layout_basic, serial_forest,
          infiniplex_forest_join, infiniplex_forest_clump_curved,
          infiniplex_forest_straight_5, infiniplex_forest_clump_cross,
          infiniplex_forest_corner_1, infiniplex_forest_lined_3,
          infiniplex_forest_lined_corner, due_unseen_surprise
D:2:      layout_loops_ring, nicolae_sif_muna_little_library,
          grunt_gozag_breadcrumbs, minmay_tall_x, uniq_sigmund, uniq_jessica
D:3:      layout_loops_cross

Skill      XL: |  1 |
---------------+----+-----
Fighting       | 3 |  3.4
Maces & Flails | 2 |  2.2
Throwing       | |  1.0
Dodging        | |  2.5
Spellcasting   | |  2.4
Translocations | |  2.6

Action                   || total
-------------------------++-------
Melee: Mace              ||    70
  Use: Scroll            ||     1
Armor: Robe              ||    20
Dodge: Dodged            ||    55

Table legend: (Time is in decaauts)
 A = Elapsed time spent in this place.
 B = Non-inter-level travel time spent in this place.
 C = Inter-level travel time spent in this place.
 D = Time resting spent in this place.
 E = Time spent auto-exploring this place.
 F = Levels seen in this place.
 G = Mean time per level.
                   A        B        C        D        E       F      G
               +--------+--------+--------+--------+--------+-----+--------+
         Total |   2181 |   2128 |     53 |    738 |   1085 |   3 |  727.0 |
       Dungeon |   2181 |   2128 |     53 |    738 |   1085 |   3 |  727.0 |
               +--------+--------+--------+--------+--------+-----+--------+

Top non-repeatable levels by time:
     D:1: 1998 daAuts
     D:2: 181 daAuts
     D:3: 1 daAuts
